 Dungeon Crawl Stone Soup version 0.31-a0-263-ge8cad7f256 (webtiles) character file.

Game seed: 4866357688765337844

105 qw the Shooter (level 4, 0/26 HPs)
             Began as a Gargoyle Hexslinger on July 13, 2023.
             Slain by an iguana (7 damage)
             ... on level 4 of the Dungeon.
             The game lasted 00:00:36 (1680 turns).

qw the Shooter (Gargoyle Hexslinger)                Turns: 1680, Time: 00:00:37

Health: 0/26       AC: 11    Str: 12    XL:     4   Next: 83%
Magic:  5/5        EV: 10    Int: 13    God:
Gold:   85         SH:  0    Dex: 14    Spells: 4/5 levels left

rFire   . . .        k - +1 sling (heavy)
rCold   . . .        (no shield)
rNeg    + . .        l - +0 ring mail
rPois   inf          (no helmet)
rElec   +            (no cloak)
rCorr   .            h - +0 pair of gloves
SInv    .            b - +1 pair of boots of Happiness {Rampage}
Will    .....        (no amulet)
Stlth   +            (no ring)
HPRegen 0.24/turn    (no ring)
MPRegen 0.09/turn

%: rampage
@: about to teleport
A: sickness immunity, AC +3, negative energy resistance 1, electricity
resistance, torment resistance 1, petrification resistance
a: no special abilities


You were on level 4 of the Dungeon.
You visited 1 branch of the dungeon, and saw 5 of its levels.

You collected 85 gold pieces.


Innate Abilities, Weirdness & Mutations

You are immune to sickness and miasma.
Your stone body is resilient. (AC +3)
You are immune to poison.
You resist negative energy. (rN+)
You are resistant to electric shocks. (rElec)
You are resistant to unholy torment.
You are immune to petrification.


   Skills:
 - Level 2.0 Fighting
 + Level 4.4 Ranged Weapons
 - Level 1.0 Armour
 - Level 1.5 Dodging
 - Level 1.0 Spellcasting
 - Level 2.6 Hexes


You had 4 spell levels left.
You knew the following spells:

 Your Spells              Type           Power      Damage    Failure   Level
a - Slow                  Hex            28%        N/A       22%         1

Your spell library contained the following spells:

 Spells                   Type           Power      Damage    Failure   Level
 Inner Flame              Hex/Fire       4%         N/A       73%         3
 Portal Projectile        Hex/Tloc       8%         N/A       73%         3
 Cause Fear               Hex            3%         N/A       91%         4

Inventory:

Hand Weapons
 k - a +1 heavy sling (weapon)
Armour
 b - the +1 pair of boots of Happiness (worn) {Rampage}
   (You acquired it on level 2 of the Dungeon)

   Rampage:   It bestows one free step when moving towards enemies.
 h - a +0 pair of gloves (worn)
 l - a +0 ring mail (worn)
Potions
 d - a potion of degeneration {unknown}
 e - a potion of curing {unknown}
 f - a potion of attraction {unknown}
 g - a potion of enlightenment {unknown}
 i - a potion of brilliance {unknown}

Dungeon Overview and Level Annotations

Branches:
Dungeon (5/15)
 Temple: D:4-7

Altars:

Shops:
D:3 =


Message History

The orc priest barely misses you.
The orc priest hits you but does no damage.
You shoot a sling bullet. The sling bullet hits the orc priest!
You kill the orc priest!
You start resting.
HP restored.
An orc and an iguana come into view.
The orc shouts!
The iguana hisses angrily.
You shoot a sling bullet. The sling bullet hits the iguana!
The iguana is heavily wounded.
An orc comes into view. It is wielding a +0 falchion.
You shoot a sling bullet. The orc shouts!
The sling bullet hits the iguana but does no damage.
The iguana is heavily wounded.
You shoot a sling bullet.
The sling bullet closely misses the iguana.
The iguana bites you. The iguana bites you!
You shoot a sling bullet.
The sling bullet closely misses the iguana.
The orc barely misses you. The iguana barely misses you.
The orc hits you but does no damage. The iguana bites you!
1678 ||| READING scroll of teleportation.
As you read the scroll of teleportation, it crumbles to dust.
You feel strangely unstable. The orc hits you but does no damage.
The iguana bites you but does no damage.
You shoot a sling bullet.
The sling bullet closely misses the iguana.
The orc hits you but does no damage. The orc barely misses you.
The iguana bites you but does no damage.
The orc hits you but does no damage.
The iguana bites you but does no damage.
The orc barely misses you.
You shoot a sling bullet. The sling bullet hits the iguana.
The iguana is severely wounded.
The orc hits you but does no damage. x2
The iguana bites you but does no damage.
The orc misses you. The iguana bites you!
You die...

#.#.....#.##....####
..##...##.##.#.....#
.)....###.##....##.#
#####.# #.......##.# #.#
##########.# ##'##
###.### ##...## #.....#
##.....## ##....>#
#......%## #l@)...#
#........># #.oo..:.#
+.........+.............
#.........####........##
##.......## #........#
##....[## #........#
##...## #........# ##+#
#........#


You could see an iguana and 2 orcs.

Vanquished Creatures
  An orc priest (D:4)
  3 adders
  3 dart slugs
  An orc (D:4)
  4 ball pythons (D:1)
  2 endoplasms
  A giant cockroach (D:1)
  7 goblins
  4 hobgoblins
  3 jackals (D:1)
  A quokka (D:1)
  3 bats (D:1)
  3 frilled lizards
  2 kobolds (D:1)
  4 rats
42 creatures vanquished.

Notes
Turn   | Place    | Note
-------+----------+-------------------------------------------
     0 | D:1      | qw the Gargoyle Hexslinger began the quest for the Orb.
     0 | D:1      | Reached XP level 1. HP: 12/12 MP: 2/2
     0 | D:1      | 0 ||| qw: Version: 0.3-a-52-g30416fa
     0 | D:1      | 0 ||| qw: Game counter: 7474
     0 | D:1      | 0 ||| qw: Melee chars always use a shield: true
     0 | D:1      | 0 ||| qw: God list: Okawaru
     0 | D:1      | 0 ||| qw: Allow faded altars: false
     0 | D:1      | 0 ||| qw: Do Orc after clearing Dungeon:15 true
     0 | D:1      | 0 ||| qw: Do second Lair branch before Depths: true
     0 | D:1      | 0 ||| qw: Lair rune preference: random
     0 | D:1      | 0 ||| qw: Goals: Normal
     0 | D:1      | 0 ||| PLANNING D:1-11
    56 | D:1      | 56 ||| FLEEEEING.
    57 | D:1      | 57 ||| FLEEEEING.
    93 | D:1      | Reached XP level 2. HP: 16/16 MP: 3/3
   166 | D:1      | Reached skill level 3 in Ranged Weapons
   182 | D:1      | Found a faded altar of an unknown god.
   374 | D:1      | Reached XP level 3. HP: 21/21 MP: 4/4
   780 | D:1      | 780 ||| UPGRADING to +0 pair of gloves.
   785 | D:1      | 785 ||| DROPPING scroll of poison.
  1324 | D:2      | Identified the +9 hand axe "Newtslayer" {freeze, rC- Dex+8}
  1424 | D:2      | 1424 ||| UPGRADING to +0 ring mail.
  1434 | D:2      | 1434 ||| DROPPING +0 robe.
  1435 | D:2      | 1435 ||| READING 2 scrolls labelled TOWKOO NAFFOIRGH.
  1439 | D:2      | 1439 ||| READING scroll labelled WYBRIE NOSOWY.
  1440 | D:2      | 1440 ||| READING scroll labelled DOEPOETAEH.
  1440 | D:2      | Identified a scroll of acquirement
  1440 | D:2      | 1440 ||| ACQUIRING +1 pair of boots of Happiness {Rampage}
  1440 | D:2      | Acquired the +1 pair of boots of Happiness {Rampage}
  1442 | D:2      | 1442 ||| UPGRADING to +1 pair of boots of Happiness
                  | {Rampage}.
  1598 | D:3      | Found Tuosmaeg's Jewellery Boutique.
  1599 | D:3      | You fall into a shaft and drop 2 floors!
  1599 | D:5      | Entered Level 5 of the Dungeon
  1608 | D:4      | Reached skill level 1 in Armour
  1608 | D:4      | Reached XP level 4. HP: 23/26 MP: 5/5
  1632 | D:4      | Reached skill level 4 in Ranged Weapons
  1677 | D:4      | HP: 6/26 [iguana (9)]
  1678 | D:4      | 1678 ||| READING scroll of teleportation.
  1680 | D:4      | Slain by an iguana

Levels and vault maps discovered:
D:1:      dreamdust_arrival_beginning_and_end, layout_basic,
          ebering_ecumenical_altar_sacrificial
D:2:      layout_loops_ring
D:3:      layout_basic, serial_shops, nicolae_shop_pleasant_corner_grove,
          nicolae_shop_tiny_waterfront, nicolae_shop_advertising_works
          [nicolae_subvault_shop_adworks], shop, shop, grunt_decor_one_mirror
D:4:      layout_loops_corners, grunt_temple_overflow_holy_war
D:5:      minmay_evil_eye, layout_loops_ring,
          mainiacjoe_overflow_surrounded_room, mainiacjoe_overflow_tiny_flanked,
          chequers_temple_overflow_minitemple, temple_green, serial_shops, shop,
          minmay_stone_trees_small

Skill      XL: |  1  2  3  4 |
---------------+-------------+-----
Ranged Weapons | 3 4 |  4.4
Fighting       | 2 |  2.0
Armour         | 1 |  1.0
Dodging        | |  1.5
Spellcasting   | |  1.0
Hexes          | |  2.6

Action                     |  1- 3 |  4- 6 || total
---------------------------+-------+-------++-------
   Fire: Sling             |   130 |    16 ||   146
    Use: Scroll            |     3 |     1 ||     4
 Armour: Robe              |    28 |       ||    28
         Ring mail         |     1 |    12 ||    13
  Dodge: Dodged            |    29 |     7 ||    36

Table legend:
 A = Non-vault XP
 B = Vault XP
 C = Vault XP percentage of total XP
 D = Non-vault monster count
 E = Vault monster count
 F = Vault count percentage of total count
                 A         B        C        D         E       F
            +---------+---------+-------+---------+---------+-------
      Total |     151 |       0 |   0.0 |      42 |       0 |   0.0
            +---------+---------+-------+---------+---------+-------
        D:1 |      52 |       0 |   0.0 |      29 |       0 |   0.0
        D:2 |      27 |       0 |   0.0 |       8 |       0 |   0.0
        D:3 |       1 |       0 |   0.0 |       1 |       0 |   0.0
        D:4 |      71 |       0 |   0.0 |       4 |       0 |   0.0
            +---------+---------+-------+---------+---------+-------
